 Dungeon Crawl Stone Soup version 0.27.0-1-g7a089689b8 (webtiles) character file.

Game seed: 13066107696703020462

46 PentaManta the Cudgeller (level 3, -3/23 HPs)
             Began as a Gargoyle Monk on Aug 10, 2021.
             Killed from afar by an orc wizard (12 damage)
             ... with a puff of flame
             ... on level 3 of the Dungeon.
             The game lasted 00:03:29 (2146 turns).

PentaManta the Cudgeller (Gargoyle Monk)            Turns: 2146, Time: 00:03:29

Health: -3/23      AC:  9    Str: 15    XL:     3   Next: 68%
Magic:  3/3        EV:  9    Int: 10    God:
Gold:   72         SH:  0    Dex: 12    Spells: 2/2 levels left

rFire    . . .     SeeInvis .   d - +0 whip
rCold    . . .     Faith    .   (no shield)
rNeg     + . .     Spirit   .   m - +0 scale mail
rPois    ∞         Reflect  .   (no helmet)
rElec    +         Harm     .   (no cloak)
rCorr    .         Rampage  .   (no gloves)
Will     .....                  (no boots)
Stlth    ..........             (no amulet)
HPRegen  0.07/turn              (no ring)
MPRegen  0.08/turn              (no ring)

@: confused
A: sickness immunity, AC +3, negative energy resistance 1, electricity
resistance, torment resistance 1, petrification resistance
a: no special abilities


You were on level 3 of the Dungeon.
You visited 1 branch of the dungeon, and saw 3 of its levels.

You collected 72 gold pieces.

Inventory:

Hand Weapons
 a - a +0 mace
 d - a +0 whip (weapon)
 e - a +0 dagger
 h - a +0 hunting sling
Missiles
 f - 70 stones (quivered)
Armour
 b - a +0 robe
 g - a +0 leather armour
 m - a +0 scale mail (worn)
Scrolls
 c - 2 scrolls of identify {unknown}
 i - a scroll of immolation {unknown}
 k - a scroll of fear {unknown}
 l - a scroll of teleportation {unknown}
Potions
 j - a potion of flight {unknown}


   Skills:
 - Level 3.2 Fighting
 + Level 4.5 Maces & Flails
 - Level 2.4 Dodging
 - Level 2.1 Stealth


You had 2 spell levels left.
You didn't know any spells.
Your spell library was empty.

Dungeon Overview and Level Annotations

Branches:
Dungeon (3/15)

Altars:
Kikubaaqudgha


Innate Abilities, Weirdness & Mutations

You are immune to sickness and miasma.
Your stone body is resilient. (AC +3)
You are immune to poison.
You resist negative energy. (rN+)
You are resistant to electric shocks. (rElec)
You are resistant to unholy torment.
You are immune to petrification.


Message History

The orc barely misses you.
You closely miss the orc.
The orc is almost dead.
The orc hits you with a +0 club.
You barely miss the orc.
The orc is almost dead.
The orc hits you with a +0 club.
You closely miss the orc.
The orc is almost dead.
The orc completely misses you.
You hit the orc.
You kill the orc!
You miss something. Something hits you but does no damage.
You miss something. Something hits you but does no damage.
You hit something. You miss something.
You hear some strange, mumbled words.
A puff of flame appears from out of thin air!
The puff of flame hits you!
You hit something. Something hits you but does no damage.
You miss something.
You hear some strange, mumbled words.
You are confused.
You're too confused to attack without stumbling around!
You're too confused to attack without stumbling around!
You're too confused to attack without stumbling around!
You're too confused to attack without stumbling around!
You're too confused to attack without stumbling around!
You're too confused to attack without stumbling around!
You bump into the rock wall.
Something hits you but does no damage.
You bump into the rock wall.
Something hits you but does no damage.
You miss something. Something hits you but does no damage.
You hit something but do no damage. Something hits you but does no damage.
You miss something. Something hits you.
You barely miss something.
You hear some strange, mumbled words.
A puff of flame appears from out of thin air!
The puff of flame hits you!
Ouch! That really hurt!
You die...

#.# #.# #.#
########.#
#<.....#.#
######.#.# #.#.#
#.#@# ###.#{#
#...#o#
######.###.#######
..................#
...........######.#
....§§...#.######.
...§..§.§..§§.....
≈§≈≈§≈≈≈§§§§§≈≈≈..


You could see an orc.

Vanquished Creatures
  An adder (D:2)
  A dart slug (D:2)
  3 orcs (D:3)
  An endoplasm (D:1)
  A giant cockroach (D:2)
  6 goblins
  4 jackals (D:1)
  A quokka (D:2)
  4 ball pythons
  A bat (D:2)
  A frilled lizard (D:2)
  4 kobolds
  3 rats
31 creatures vanquished.

Notes
Turn   | Place    | Note
-------+----------+-------------------------------------------
     0 | D:1      | PentaManta the Gargoyle Monk began the quest for the Orb.
     0 | D:1      | Reached XP level 1. HP: 14/14 MP: 1/1
    65 | D:1      | Reached XP level 2. HP: 3/19 MP: 2/2
   402 | D:1      | Found a faded altar of an unknown god.
  1292 | D:2      | Reached skill level 4 in Maces & Flails
  1357 | D:2      | Reached XP level 3. HP: 8/23 MP: 3/3
  1621 | D:2      | Found an ancient bone altar of Kikubaaqudgha.
  2146 | D:3      | Killed from afar by an orc wizard

Illustrated notes

Levels and vault maps discovered:
D:1:      evilmike_arrival_hilbert_curve, layout_rooms,
          shapermc_ecumenical_altar_petra
D:2:      layout_loops_ring, basic_altar
D:3:      layout_basic, kennysheep_boxes, uniq_crazy_yiuf_cottage

Skill      XL: |  1  2 |
---------------+-------+-----
Maces & Flails | 4 |  4.5
Fighting       | |  3.2
Dodging        | |  2.4
Stealth        | |  2.1

Action                   || total
-------------------------++-------
Melee: Mace              ||    24
       Dagger            ||    50
       Whip              ||    88
Throw: Stone             ||     2
 Stab: Sleeping          ||     2
Armor: Robe              ||    40
       Leather armour    ||     9
       Scale mail        ||    16
Dodge: Dodged            ||   119
